 Dungeon Crawl Stone Soup version 0.31-a0-229-g1fc7ce93e2 (webtiles) character file.

Game seed: 12386320524808944966

208 qw the Shooter (level 5, -10/30 HPs)
             Began as a Gargoyle Hexslinger on July 6, 2023.
             Was an Initiate of Okawaru.
             Killed by divine providence
             ... invoked by an orc priest
              (15 damage)
             ... on level 3 of the Dungeon.
             The game lasted 00:00:52 (2295 turns).

qw the Shooter (Gargoyle Hexslinger)                Turns: 2295, Time: 00:00:53

Health: -10/30     AC:  6    Str: 11    XL:     5   Next: 86%
Magic:  6/6        EV: 12    Int: 14    God:    Okawaru [......]
Gold:   191        SH:  0    Dex: 14    Spells: 5/6 levels left

rFire   . . .        Y - +2 sling
rCold   . . .        (no shield)
rNeg    + . .        c - +0 robe
rPois   inf          (no helmet)
rElec   +            (no cloak)
rCorr   .            (no gloves)
SInv    .            (no boots)
Will    .....        (no amulet)
Stlth   +            (no ring)
HPRegen 0.25/turn    (no ring)
MPRegen 0.10/turn

%: no passive effects
@: no status effects
A: sickness immunity, AC +4, negative energy resistance 1, electricity
resistance, torment resistance 1, petrification resistance
a: Renounce Religion


You were on level 3 of the Dungeon.
You worshipped Okawaru.
Okawaru was noncommittal.
You visited 1 branch of the dungeon, and saw 3 of its levels.

You collected 191 gold pieces.


Innate Abilities, Weirdness & Mutations

You are immune to sickness and miasma.
Your stone body is resilient. (AC +4)
You are immune to poison.
You resist negative energy. (rN+)
You are resistant to electric shocks. (rElec)
You are resistant to unholy torment.
You are immune to petrification.


   Skills:
 + Level 2.0 Fighting
 - Level 5.6 Ranged Weapons
 - Level 1.5 Dodging
 - Level 1.0 Spellcasting
 - Level 2.6 Hexes


You had 5 spell levels left.
You knew the following spells:

 Your Spells              Type           Power      Damage    Failure   Level
a - Slow                  Hex            32%        N/A       9%          1

Your spell library contained the following spells:

 Spells                   Type           Power      Damage    Failure   Level
 Inner Flame              Hex/Fire       4%         N/A       41%         3
 Portal Projectile        Hex/Tloc       8%         N/A       41%         3
 Cause Fear               Hex            4%         N/A       65%         4

Inventory:

Hand Weapons
 Y - a +2 sling (weapon)
Armour
 b - a +0 ring mail
 c - a +0 robe (worn)
 f - a +1 helmet
Potions
 d - a potion of curing {unknown}
 e - a potion of degeneration {unknown}
 g - a potion of haste

Dungeon Overview and Level Annotations

Branches:
Dungeon (3/15)

Altars:
Okawaru
Qazlal


Message History

The orc shouts!
The orc priest shouts!
The orc shouts!
The goblin shouts!
You hear a bark!
A jackal comes into view.
Found a potion of heal wounds.
Enter note:
Enter note:
Enter note:
Enter note:
Enter note:
Enter note: You shoot a sling bullet.
The orc priest shouts!
The jackal barks!
The sling bullet hits the orc.
The orc is severely wounded.
The orc priest calls down the wrath of Beogh upon you.
Beogh smites you! The orc hits you with a +0 hand axe.
You hear a bark!
You shoot a sling bullet. The sling bullet hits the orc.
You kill the orc!
Okawaru accepts your kill.
A jackal comes into view.
The orc misses you.
You shoot a sling bullet. The sling bullet barely misses the orc.
The sling bullet hits the orc priest.
The orc priest is lightly wounded.
A jackal comes into view.
The orc priest mumbles some strange prayers to Beogh against you.
Beogh smites you! The orc hits you but does no damage.
The orc priest miscasts a cantrip.
You shoot a sling bullet. The sling bullet hits the orc.
The orc is moderately wounded.
The orc hits you with a +0 mace.
You shoot a sling bullet. The sling bullet barely misses the orc.
The sling bullet hits the orc priest.
The orc priest is lightly wounded.
The orc barely misses you.
The orc priest calls down the wrath of Beogh upon you.
Beogh smites you!
Ouch! That really hurt!
You die...

#.#
###......>..........
#.#
#...................
#.#
#.#.################
#.# # #.# #####.#
#.# #<....# #.#
####### #.# #.# #@#
#o#


.og #.hh# ..h.# #....# #....# #.!..# You could see an orc priest, an orc, 3
jackals and a goblin.

Vanquished Creatures
  An ice beast (D:3)
  Robin (D:3)
  5 adders
  2 worms
  2 dart slugs
  An orc (D:3)
  3 ball pythons
  A bat (D:3)
  5 endoplasms
  2 giant cockroaches
  4 hobgoblins
  2 quokkas
  2 frilled lizards
  11 goblins
  4 kobolds
  8 rats
54 creatures vanquished.

Vanquished Creatures (others)
  A goblin (D:3)
1 creature vanquished.

Grand Total: 55 creatures vanquished

Notes
Turn   | Place    | Note
-------+----------+-------------------------------------------
     0 | D:1      | qw the Gargoyle Hexslinger began the quest for the Orb.
     0 | D:1      | Reached XP level 1. HP: 12/12 MP: 2/2
     0 | D:1      | 0 ||| qw: Version: 0.3-a-46-gb1f654a
     0 | D:1      | 0 ||| qw: Game counter: 1280
     0 | D:1      | 0 ||| qw: Melee chars always use a shield: true
     0 | D:1      | 0 ||| qw: God list: Okawaru
     0 | D:1      | 0 ||| qw: Allow faded altars: false
     0 | D:1      | 0 ||| qw: Do Orc after clearing Dungeon:15 true
     0 | D:1      | 0 ||| qw: Do second Lair branch before Depths: true
     0 | D:1      | 0 ||| qw: Lair rune preference: random
     0 | D:1      | 0 ||| qw: Goals: Normal
     0 | D:1      | 0 ||| PLANNING D:1-11
   211 | D:1      | Reached XP level 2. HP: 16/16 MP: 3/3
   373 | D:1      | Reached skill level 3 in Ranged Weapons
   832 | D:1      | 832 ||| READING scroll labelled MYS INAJIL NIOPY.
   833 | D:1      | 833 ||| READING scroll labelled WOBEORICZU.
   834 | D:1      | 834 ||| DRINKING 2 ruby potions.
   835 | D:1      | 835 ||| DROPPING scroll of poison.
   836 | D:1      | 836 ||| DROPPING potion of brilliance.
  1053 | D:2      | Reached XP level 3. HP: 21/21 MP: 4/4
  1327 | D:2      | Reached XP level 4. HP: 21/26 MP: 5/5
  1505 | D:2      | 1505 ||| READING 2 scrolls labelled ANI BEUSYTHAMA.
  1506 | D:2      | 1506 ||| DRINKING 3 golden potions.
  1507 | D:2      | 1507 ||| DRINKING 2 metallic purple potions.
  1523 | D:2      | 1523 ||| DROPPING potion of lignification.
  1524 | D:2      | 1524 ||| DROPPING scroll of amnesia.
  1570 | D:3      | Reached skill level 4 in Ranged Weapons
  1719 | D:3      | Found a stormy altar of Qazlal.
  1721 | D:3      | Noticed an air elemental
  1722 | D:3      | Noticed an earth elemental
  1722 | D:3      | Noticed a fire elemental
  1722 | D:3      | Noticed a water elemental
  1807 | D:3      | Noticed Robin
  1829 | D:3      | Killed Robin
  1830 | D:3      | HP: 5/26 [goblin/sling bullet[Robin] (3)]
  1831 | D:3      | 1831 ||| DRINKING 2 potions of heal wounds.
  1839 | D:3      | 1839 ||| FLEEEEING.
  1840 | D:3      | 1840 ||| FLEEEEING.
  1841 | D:3      | 1841 ||| FLEEEEING.
  1842 | D:3      | 1842 ||| FLEEEEING.
  1843 | D:3      | 1843 ||| FLEEEEING.
  1844 | D:3      | 1844 ||| FLEEEEING.
  1845 | D:3      | 1845 ||| FLEEEEING.
  1846 | D:3      | 1846 ||| FLEEEEING.
  1847 | D:3      | 1847 ||| FLEEEEING.
  1850 | D:3      | 1850 ||| FLEEEEING.
  1851 | D:3      | 1851 ||| FLEEEEING.
  1852 | D:3      | 1852 ||| FLEEEEING.
  1853 | D:3      | 1853 ||| FLEEEEING.
  1854 | D:3      | 1854 ||| FLEEEEING.
  1855 | D:3      | 1855 ||| FLEEEEING.
  1858 | D:3      | 1858 ||| FLEEEEING.
  1859 | D:3      | 1859 ||| FLEEEEING.
  1860 | D:3      | 1860 ||| FLEEEEING.
  1861 | D:3      | 1861 ||| FLEEEEING.
  1862 | D:3      | 1862 ||| FLEEEEING.
  1863 | D:3      | 1863 ||| FLEEEEING.
  1867 | D:3      | 1867 ||| FLEEEEING.
  1868 | D:3      | 1868 ||| FLEEEEING.
  1869 | D:3      | 1869 ||| FLEEEEING.
  1925 | D:3      | Reached XP level 5. HP: 30/30 MP: 6/6
  1925 | D:3      | Found an iron altar of Okawaru.
  1926 | D:3      | 1926 ||| PLANNING OKAWARU WORSHIP
  1927 | D:3      | 1927 ||| READING scroll labelled YDDIONL QIXOANI.
  1928 | D:3      | 1928 ||| READING scroll labelled FIANLO CACKA.
  1930 | D:3      | 1930 ||| DRINKING 2 pink potions.
  1938 | D:3      | Became a worshipper of Warmaster Okawaru
  1939 | D:3      | 1939 ||| PLANNING D:1-11
  2062 | D:3      | Noticed an ice beast
  2067 | D:3      | HP: 2/30 [ice beast (12)]
  2068 | D:3      | 2068 ||| DRINKING potion of heal wounds.
  2075 | D:3      | Killed an ice beast
  2076 | D:3      | Reached skill level 5 in Ranged Weapons
  2293 | D:3      | HP: 7/30 [orc priest/divine providence (10)]
  2295 | D:3      | Killed from afar by an orc priest

Levels and vault maps discovered:
D:1:      reono_arrival_forest_river, layout_basic, minmay_tromino_i2
D:2:      layout_loops_ring
D:3:      layout_basic, okawaru_metal_pillars_3,
          nicolae_qazlal_style_of_elements, kennysheep_generic_room_13,
          uniq_robin

Skill      XL: |  1  2  3  4  5 |
---------------+----------------+-----
Ranged Weapons | 3 4 5 |  5.6
Fighting       | 2 |  2.0
Dodging        | |  1.5
Spellcasting   | |  1.0
Hexes          | |  2.6

Action                     |  1- 3 |  4- 6 || total
---------------------------+-------+-------++-------
   Fire: Sling             |    99 |   103 ||   202
    Use: Scroll            |     2 |     3 ||     5
         Potion            |     1 |     5 ||     6
 Armour: Robe              |    21 |    31 ||    52
  Dodge: Dodged            |    40 |    38 ||    78

Table legend:
 A = Non-vault XP
 B = Vault XP
 C = Vault XP percentage of total XP
 D = Non-vault monster count
 E = Vault monster count
 F = Vault count percentage of total count
                 A         B        C        D         E       F
            +---------+---------+-------+---------+---------+-------
      Total |     264 |      34 |  11.4 |      43 |      11 |  20.4
            +---------+---------+-------+---------+---------+-------
        D:1 |      19 |       4 |  17.4 |      12 |       2 |  14.3
        D:2 |      65 |       0 |   0.0 |      16 |       0 |   0.0
        D:3 |     180 |      30 |  14.3 |      15 |       9 |  37.5
            +---------+---------+-------+---------+---------+-------
